 Dungeon Crawl Stone Soup version 0.30-a0-964-gd452b5e7fa (webtiles) character file.

Game seed: 12345124565641321401

1495 Mesmaeker13 the Insei (level 8, -4/67 HPs)
             Began as an Octopode Transmuter on Mar 30, 2023.
             Was a Follower of Wu Jian.
             Slain by a yak (13 damage)
             ... on level 6 of the Dungeon.
             The game lasted 00:12:36 (6899 turns).

Mesmaeker13 the Insei (Octopode Transmuter)         Turns: 6899, Time: 00:12:37

Health: -4/67      AC:  7    Str:  9    XL:     8   Next: 81%
Magic:  7/11       EV: 10    Int: 17    God:    Wu Jian [*.....]
Gold:   261        SH:  0    Dex: 13    Spells: 4/11 levels left

rFire   . . .      SeeInvis .      - Unarmed
rCold   + + +      Faith    .    (shield currently unavailable)
rNeg    . . .      Spirit   .    (helmet currently unavailable)
rPois   +          Reflect  .    e - amulet of regeneration
rElec   .          Rampage  .    n - ring of fire
rCorr   .                        t - ring of protection from cold
Will    .....                    (no ring)
Stlth   +                        (no ring)
HPRegen 1.11/turn                (no ring)
MPRegen 0.12/turn                (no ring)
                                 (no ring)
                                 (no ring)

@: ice-form, wereblooded
A: freezing attack, boosted hp, almost no armour, amphibious, 8 rings, large,
(camouflage 1), (gelatinous body 1), (nimble swimmer 1), (tentacles)
a: End Transformation, Renounce Religion


You were on level 6 of the Dungeon.
You worshipped Wu Jian.
Wu Jian was aware of your devotion.
You were a creature of crystalline ice.
You visited 2 branches of the dungeon, and saw 7 of its levels.
You also visited: Sewer.

You collected 289 gold pieces.
You spent 28 gold pieces at shops.

Inventory:

Hand Weapons
 h - a +4 dagger
 o - a +0 short sword
Missiles
 g - 19 poisoned darts (quivered)
 s - a throwing net
Jewellery
 e - an amulet of regeneration (around neck)
 n - a ring of fire (left front paw)
 t - a ring of protection from cold (right front paw)
Wands
 v - a wand of quicksilver (5)
Scrolls
 c - a scroll of enchant armour
 k - a scroll of enchant weapon
 q - a scroll of magic mapping {unknown}
 r - a scroll of vulnerability {unknown}
 u - a scroll of noise
 w - 3 scrolls of amnesia
 x - a scroll of teleportation
Potions
 a - 3 potions of lignification
 b - a potion of invisibility {unknown}
 d - 2 potions of might {unknown}
 f - 2 potions of heal wounds
 i - 3 potions of curing {unknown}
 j - 4 potions of degeneration {unknown}
 l - a potion of haste {unknown}
 m - 3 potions of magic
 p - 3 potions of mutation {unknown}


   Skills:
 + Level 5.4 Fighting
 - Level 2.0 Dodging
 + Level 6.2 Unarmed Combat
 - Level 2.0 Spellcasting
 + Level 5.8 Transmutations
 + Level 4.5 Ice Magic


You had 4 spell levels left.
You knew the following spells:

 Your Spells              Type           Power      Damage    Failure   Level
a - Beastly Appendage     Tmut           42%        N/A       1%          1
b - Wereblood             Tmut           21%        N/A       2%          2
c - Ice Form              Ice/Tmut       19%        N/A       22%         4

Your spell library contained the following spells:

 Spells                   Type           Power      Damage    Failure   Level
 Spider Form              Tmut/Pois      11%        N/A       19%         3
 Ignite Poison            Fire/Tmut/Pois 12%        N/A       26%         3
 Cigotuvi's Dreadful Rot  Necr/Pois/Air  2%         N/A       28%         2
 Poisonous Vapours        Pois/Air       2%         N/A       28%         2
 Mephitic Cloud           Conj/Pois/Air  1%         N/A       50%         3
 Sticky Flame             Conj/Fire      2%         2d3       88%         4
 Ignition                 Fire           1%         3d3       100%        8


Dungeon Overview and Level Annotations

Branches:
Dungeon (6/15)             Temple (1/1) D:5           Sewer (visited)

Altars:
Dithmenos
Elyvilon
Fedhas
Kikubaaqudgha
Nemelex Xobeh
Qazlal
Ru
Sif Muna
Trog
Wu Jian
Zin
The Shining One

Shops:
D:4 (   D:5 (   D:6 ?

Annotations:
D:4 3 runed translucent doors, Dirtsage's ghost, amateur DsFi


Innate Abilities, Weirdness & Mutations

You are a creature of crystalline ice.
You have a powerful freezing melee attack.
Your maximum health is increased.
Your armour is entirely melded.
You are incapable of wielding weapons or throwing items.
You cannot wear most types of armour.
You are amphibious.
You can wear up to eight rings at the same time.
((Your skin changes colour to match your surroundings (Stealth+).))
((Your rubbery body absorbs attacks. (AC +1, EV +1)))
((You are camouflaged when in or above water. (Stealth+)))
((You have tentacles for arms and can constrict up to eight enemies at once.))


Message History

You hit the yak. You freeze the yak.
The yak is heavily wounded.
You barely miss the yak.
The yak is heavily wounded.
The yak gores you!
You hit the yak but do no damage.
The yak is heavily wounded.
The yak gores you.
You hit the yak. You freeze the yak.
The yak is heavily wounded.
The yak gores you!
You hit the yak. You freeze the yak.
The yak is severely wounded.
The yak closely misses you.
You punch the yak! You freeze the yak.
You feel a bit better.
You kill the yak!
The Council accepts your kill.
You hit the yak. You freeze the yak.
The yak is lightly wounded.
The yak gores you but does no damage.
You hit the yak but do no damage.
The yak is lightly wounded.
The yak gores you!
You hit the yak. You freeze the yak.
The yak is lightly wounded.
You hit the yak. You freeze the yak.
The yak is moderately wounded.
The yak gores you!
You hit the yak but do no damage.
The yak is moderately wounded.
The yak gores you!
* * * LOW HITPOINT WARNING * * *
You hit the yak but do no damage.
The yak is moderately wounded.
The yak gores you.
* * * LOW HITPOINT WARNING * * *
You punch the yak! You freeze the yak.
The yak is severely wounded.
The yak gores you!
You die...

.................................
......#........................PP
............................P~~~P
.../.................Y.....PP~♣♣♣
...######...######.#.##....~~P♣
...######...# #.#.##...Y.P♣♣
............# #.#.##....~~~
..........########.#.##....PP♣♣
..........# #...YY.#.#
♣~~~P♣~P~.###.######.#
♣♣~~~P♣P♣♣♣~~.# #.#
P~P~♣~~PP~~~♣♣♣ #.#
~~≈≈~≈≈~~P~~~♣♣♣ #.#
≈≈≈≈≈≈≈≈~~~♣~~~♣♣###.#
≈≈≈≈≈≈≈≈≈~~~~~~♣P~##.#
≈≈≈≈≈≈≈≈≈≈~~~P~P~♣~..#
≈≈≈≈≈≈≈≈≈≈≈~~~~~~~♣#.#


You could see a yak.

Vanquished Creatures
  2 yaks
  An ice beast (D:6)
  A phantom (D:5)
  2 scorpions
  4 wights
  2 electric eels (D:6)
  A howler monkey (D:4)
  2 hounds
  3 orc priests
  5 orc wizards
  Robin (D:2)
  4 gnolls (D:2)
  4 adders
  7 river rats
  A shadow imp (D:5)
  2 white imps (D:5)
  2 worms
  2 dart slugs
  11 orcs
  12 ball pythons
  6 endoplasms
  2 giant cockroaches
  13 goblins
  13 hobgoblins
  5 jackals
  4 quokkas
  8 bats
  4 frilled lizards
  16 kobolds
  31 rats
171 creatures vanquished.

Vanquished Creatures (others)
  46 plants (D:6)
46 creatures vanquished.

Grand Total: 217 creatures vanquished

Notes
Turn   | Place    | Note
-------+----------+-------------------------------------------
     0 | D:1      | Mesmaeker13 the Octopode Transmuter began the quest for the
                  | Orb.
     0 | D:1      | Reached XP level 1. HP: 13/13 MP: 3/3
   167 | D:1      | Reached XP level 2. HP: 18/18 MP: 3/5
   219 | D:1      | Learned a level 2 spell: Wereblood
   752 | D:2      | Reached XP level 3. HP: 20/24 MP: 4/6
  1042 | D:2      | Noticed Robin
  1723 | D:3      | Found a shimmering blue altar of Sif Muna.
  1746 | D:3      | Reached XP level 4. HP: 30/30 MP: 5/7
  2136 | D:4      | Learned a level 4 spell: Ice Form
  2176 | D:4      | Found Ijiodelo's Weapon Shop.
  2229 | D:4      | Reached skill level 4 in Unarmed Combat
  2229 | D:4      | Reached XP level 5. HP: 35/35 MP: 4/8
  2438 | D:4      | Reached skill level 1 in Ice Magic
  2536 | D:4      | Found a glowing drain.
  2540 | Sewer    | Entered a sewer
  2634 | Sewer    | Reached XP level 6. HP: 30/42 MP: 6/9
  4036 | D:4      | Found a runed translucent gate.
  4037 | D:4      | Found a runed translucent gate.
  4037 | D:4      | Noticed Dirtsage's ghost (amateur DsFi)
  4038 | D:4      | Found a runed translucent gate.
  4040 | D:4      | Identified the +7 whip "Ruurch Dawn" {holy, Will- Dex+5}
  4472 | D:2      | Reached XP level 7. HP: 47/47 MP: 4/10
  4857 | D:2      | Killed Robin
  4947 | D:5      | Entered Level 5 of the Dungeon
  5198 | D:5      | Found a staircase to the Ecumenical Temple.
  5209 | Temple   | Entered the Ecumenical Temple
  5261 | Temple   | Became a worshipper of the Wu Jian Council
  5396 | D:5      | Reached skill level 5 in Unarmed Combat
  5428 | D:5      | Found Wahytix's Weapon Emporium.
  6040 | D:6      | Noticed a yak
  6044 | D:6      | Noticed a yak
  6049 | D:6      | Noticed a yak
  6058 | D:5      | Killed a yak
  6059 | D:5      | Reached XP level 8. HP: 31/54 MP: 2/11
  6143 | D:6      | Reached skill level 5 in Transmutations
  6416 | D:6      | Reached skill level 5 in Fighting
  6623 | D:6      | Reached * piety under Wu Jian
  6645 | D:6      | Reached skill level 6 in Unarmed Combat
  6681 | D:6      | Found Naiqeix's Magic Scroll Shop.
  6688 | D:6      | Bought a scroll of identify for 28 gold pieces
  6892 | D:6      | Killed a yak
  6899 | D:6      | Slain by a yak

Illustrated notes

Levels and vault maps discovered:
D:1:      amcnicky_arrival_abandoned_market, layout_loops_ring
D:2:      layout_basic, serial_forest, infiniplex_forest_straight_4,
          infiniplex_forest_lined_2, infiniplex_forest_clump_tiny,
          infiniplex_forest_lined_2, infiniplex_forest_zigzag_1,
          infiniplex_forest_straight_2, infiniplex_forest_clump_cross,
          infiniplex_forest_straight_4, uniq_robin
D:3:      layout_basic, kennysheep_orc_sif_temple
D:4:      layout_layer_cave, serial_shops, nicolae_shop_bloodbath_and_beyond,
          biasface_ghost_orc_armoury, gup_sewer_entry_bowl
D:5:      layout_loops_cross, minmay_temple_entry_wispy, serial_shops,
          nicolae_shop_advertising_works [nicolae_subvault_shop_adworks],
          palyth_stone_intersect, chequers_mini_garden
D:6:      layout_basic, regret_index_temple_of_mockery, serial_shops,
          nicolae_shop_stone, serial_bayou, serial_bayou_pond_c,
          serial_bayou_lagoon_a, serial_bayou_lake_a, serial_bayou_pond_a,
          serial_bayou_pond_d, hangedman_decor_opposing, st_stairs_6,
          uniq_prince_ribbit1
Temple:   minmay_temple_bridge_abc

Skill      XL: |  1  2  3  4  5  6  7  8 |
---------------+-------------------------+-----
Fighting       | 2 3 4 5 |  5.4
Transmutations | 3 4 5 |  5.8
Unarmed Combat | 4 5 6 |  6.2
Ice Magic      | 1 2 3 4 |  4.5
Dodging        | |  2.0
Spellcasting   | |  2.0

Action                     |  1- 3 |  4- 6 |  7- 9 || total
---------------------------+-------+-------+-------++-------
  Melee: Unarmed           |    74 |   156 |   142 ||   372
         Kick              |    20 |    48 |    14 ||    82
         Constrict         |    21 |    49 |    12 ||    82
         Tentacles         |    15 |    27 |     9 ||    51
         Punch             |     1 |     6 |     1 ||     8
  Throw: Dart              |       |     2 |       ||     2
   Cast: Beastly Appendage |    32 |    33 |    11 ||    76
         Wereblood         |     3 |    15 |     7 ||    25
         Ice Form          |       |     2 |    12 ||    14
Ability: Lunge             |       |       |     3 ||     3
    Use: Scroll            |       |     6 |     2 ||     8
         Potion            |       |     1 |       ||     1
   Stab: Sleeping          |     9 |     2 |       ||    11
 Armour: Skin              |     5 |     8 |    17 ||    30
  Dodge: Dodged            |    36 |    92 |    54 ||   182

Table legend: (Time is in decaauts)
 A = Elapsed time spent in this place.
 B = Non-inter-level travel time spent in this place.
 C = Inter-level travel time spent in this place.
 D = Time resting spent in this place.
 E = Time spent auto-exploring this place.
 F = Levels seen in this place.
 G = Mean time per level.
                   A        B        C        D        E       F      G
               +--------+--------+--------+--------+--------+-----+--------+
         Total |   6871 |   6512 |    359 |    816 |   3828 |   8 |  858.9 |
       Dungeon |   6216 |   5877 |    339 |    799 |   3532 |   6 | 1036.0 |
        Temple |     73 |     53 |     20 |      0 |     40 |   1 |   73.0 |
         Sewer |    581 |    581 |      0 |     17 |    256 |   1 |  581.0 |
               +--------+--------+--------+--------+--------+-----+--------+

Top non-repeatable levels by time:
     D:4: 1559 daAuts
     D:2: 1221 daAuts
     D:5: 953 daAuts
     D:6: 862 daAuts
     D:3: 861 daAuts
     D:1: 759 daAuts
   Sewer: 581 daAuts
  Temple: 73 daAuts
